 Dungeon Crawl Stone Soup version 0.28.0 (webtiles) character file.

Game seed: 6541224934791451733

711 AmazingTV the Shield-Bearer (level 7, -8/62 HPs)
             Began as a Minotaur Fighter on July 1, 2022.
             Was an Initiate of Okawaru.
             Mangled by a gnoll sergeant (11 damage)
             ... on level 5 of the Dungeon.
             The game lasted 00:13:57 (4845 turns).

AmazingTV the Shield-Bearer (Minotaur Fighter)      Turns: 4845, Time: 00:13:57

Health: -8/62      AC: 11    Str: 24    XL:     7   Next: 40%
Magic:  6/6        EV:  9    Int:  5    God:    Okawaru [......]
Gold:   199        SH:  5    Dex: 10    Spells: 6/6 levels left

rFire   . . .      SeeInvis .   b - +1 hand axe (venom) {axe}
rCold   . . .      Faith    .   c - +0 buckler
rNeg    + . .      Spirit   .   w - +0 scale mail
rPois   .          Reflect  .   (helmet restricted)
rElec   .          Harm     .   (no cloak)
rCorr   .          Rampage  .   (no gloves)
Will    .....                   u - +3 pair of boots of Temperance {rN+ Str+2}
Stlth   ..........              (no amulet)
HPRegen 0.20/turn               (no ring)
MPRegen 0.10/turn               (no ring)

@: no status effects
A: horns 2, retaliatory headbutt
a: Renounce Religion


You were on level 5 of the Dungeon.
You worshipped Okawaru.
Okawaru was noncommittal.
You visited 2 branches of the dungeon, and saw 6 of its levels.

You collected 199 gold pieces.


Innate Abilities, Weirdness & Mutations

You have a pair of horns on your head.
You reflexively headbutt those who attack you in melee.


   Skills:
 + Level 5.9 Fighting
 + Level 2.0(3.6) Axes
 - Level 4.6(4.9) Maces & Flails
 + Level 1.9 Crossbows
 + Level 5.9 Armour
 + Level 6.0 Shields


You had 6 spell levels left.
You didn't know any spells.
Your spell library contained the following spells:

 Spells                   Type           Power      Damage    Failure   Level
 Sandblast                Erth           0%         2d4       83%         1
 Passwall                 Tmut/Erth      0%         N/A       93%         2
 Stone Arrow              Conj/Erth      0%         3d7       99%         3

Inventory:

Hand Weapons
 a - a +0 flail {mace}
 b - a +1 hand axe of venom (weapon) {axe}
   (You took it off an orc on level 4 of the Dungeon)
 r - a +0 dagger of freezing {short}
   (You found it on level 2 of the Dungeon)
 y - a +1 vorpal hand axe {axe}
   (You took it off an orc on level 4 of the Dungeon)
Missiles
 i - 4 poisoned darts
 k - 60 stones
 p - a throwing net {=f!f}
 s - 20 arrows
 t - 4 atropa-tipped darts
 B - 4 javelins
 F - 31 sling bullets
Armour
 c - a +0 buckler (worn)
 u - the +3 pair of boots of Temperance (worn) {rN+ Str+2}
   (You found it on level 3 of the Dungeon)

   Str:       It affects your strength (+2).
   rN:        It protects you from negative energy.
 w - a +0 scale mail (worn)
Magical Staves
 C - a staff of fire {!astaff}
   (You found it on level 4 of the Dungeon)
Wands
 n - a wand of iceblast (8) (quivered)
   (You found it on level 2 of the Dungeon)
 o - a wand of acid (9)
   (You found it on level 2 of the Dungeon)
 x - a wand of flame (22)
   (You found it on level 4 of the Dungeon)
Scrolls
 e - a scroll of enchant weapon {unknown}
 f - a scroll of fog {unknown}
 g - 8 scrolls of teleportation {@r4}
 j - a scroll of fear {unknown}
 l - a scroll of immolation {!r!r}
 q - 3 scrolls of identify {unknown}
 z - a scroll of vulnerability {unknown}
Potions
 d - a potion of might
 h - a potion of cancellation {unknown}
 m - 2 potions of brilliance {unknown}
 v - a potion of mutation {unknown}
 A - a potion of degeneration {unknown}
 D - a potion of curing {unknown}
 E - a potion of ambrosia {unknown}

Dungeon Overview and Level Annotations

Branches:
Dungeon (5/15)             Temple (1/1) D:5

Altars:
Ashenzari
Dithmenos
Fedhas
Gozag
Hepliaklqana
Kikubaaqudgha
Makhleb
Okawaru
Qazlal
Ru
Trog
Uskayaw
Vehumet
Wu Jian
Xom
Yredelemnul
Zin
The Shining One

Annotations:
D:5 1 transporter, Skilfsilihog's ghost, novice MiFi

#..≈≈#####...........#####≈≈..#.
##.≈≈#g..#.###.©.###.#...#≈≈....
#.≈≈#gg.###©#####W###...#≈≈.#..
#.≈≈###..........g....###≈≈.##.
#.≈≈.8#.######g###'##.#8.≈≈.##.
##.≈≈.##g#...#8W.#...#.##.≈≈.#..
##..≈≈.#..'..:#⌠©.g...'..#.≈≈.#.#
#...≈≈.##.#.gg#8g.#...#.##.≈≈...#
....≈≈.8#.######@###'##.#8.≈≈...#
#.#.≈≈###g...........[..###≈≈...#
..#.≈≈#...###.#####.###...#≈≈.#.#
###.≈≈#..g#.###.©.###.#...#≈≈....
# #.≈≈#####...........#####≈≈..##
# #.≈≈≈≈≈≈≈≈≈≈≈≈≈≈≈≈≈≈≈≈≈≈≈≈≈..#
#.≈≈≈≈≈≈≈≈≈≈≈≈≈≈≈≈≈≈≈≈≈≈≈≈≈..#
#............................#
##.....####.#.#........#####.#


You could see 2 gnoll sergeants, a gnoll shaman (wandering), Skilfsilihog's
ghost and a gnoll.


Message History

a +1 long sword of venom {long}; a +2 short sword of venom {short}; a +0 hand axe {axe}
There is a stone staircase leading up, spattered with blood here.
Things that are here:
a +0 ring mail; a +0 hand axe {axe}
There is a stone staircase leading up, spattered with blood here.
You see here a quokka corpse.
You see here a scorpion corpse.
You see here a scorpion corpse.
You see here a quokka corpse.
You see here a +0 long sword {long}.
Things that are here:
a +1 long sword of venom {long}; a +2 short sword of venom {short}; a +0 hand axe {axe} Skilfsilihog's ghost turns its malevolent gaze towards you.
The gnoll shouts!
You hear a shout!
The gnoll shouts!
You hear a shout!
The gnoll shouts!
The gnoll sergeant shouts!
The gnoll sergeant shouts!
You enter the shallow water.
Moving in this stuff is going to be slow.
The gnoll shaman shouts!
Partly explored, unvisited transporter.
The gnoll sergeant shouts!
There is a transporter landing site here.
You can't go down here!
You can't go up here!
You enter the shallow water.
Moving in this stuff is going to be slow.
Why would you want to do that?
Things that are here:
a +1 long sword of venom {long}; a +2 short sword of venom {short}; a +0 hand axe {axe} You see here a +0 falchion {long}.
There is a transporter here.
You enter the transporter and appear at another place.
The gnoll barely misses you.
You slash the gnoll!
The gnoll is poisoned.
You headbutt the gnoll.
You kill the gnoll!
Okawaru accepts your kill.
The gnoll zaps a wand.
You suddenly lose the ability to move!
You can move again.
You barely miss the gnoll.
The gnoll shouts!
You headbutt the gnoll. The gnoll sergeant barely misses you.
You barely miss the gnoll.
The gnoll hits you but does no damage. x2
The gnoll sergeant barely misses you. The gnoll closely misses you.
The gnoll sergeant hits you from afar with a +0 trident! 😕 HP[-13]
You take 13 damage, and now have 49/62 hp.
MASSIVE DAMAGE!! (PAUSE)
The gnoll hits you from afar with a +0 spear.
The gnoll sergeant hits you but does no damage. 😮 HP[-3]
You take 3 damage, and now have 46/62 hp.
You are too injured to fight recklessly!
You are too injured to fight recklessly!
You hit the gnoll. You block the gnoll's attack. The gnoll barely misses you.
The gnoll sergeant hits you from afar with a +0 trident.
The gnoll hits you with a +0 whip. 😮 HP[-8]
You take 8 damage, and now have 38/62 hp.
Skilfsilihog's ghost hits you. 😮 HP[-5]
You take 5 damage, and now have 33/62 hp. 😮 HP[+1]
There is an open translucent door here.
You barely miss Skilfsilihog's ghost.
Skilfsilihog's ghost hits you but does no damage.
You slash Skilfsilihog's ghost!
Your headbutt misses Skilfsilihog's ghost.
Skilfsilihog's ghost hits you but does no damage.
You hit Skilfsilihog's ghost. You headbutt Skilfsilihog's ghost.
Skilfsilihog's ghost hits you!
* * * LOW HITPOINT WARNING * * *
You block the gnoll sergeant's attack. 😨 HP[-15]
You take 15 damage, and now have 19/62 hp.
MASSIVE DAMAGE!! (PAUSE)
Okay, then.
Skilfsilihog's ghost hits you!
* * * LOW HITPOINT WARNING * * *
😱 HP[-16]
You take 16 damage, and now have 3/62 hp.
MASSIVE DAMAGE!! (PAUSE) Unknown command.
The gnoll completely misses you. You block the gnoll's attack.
The gnoll sergeant hits you with a +1 spear of pain.
* * * LOW HITPOINT WARNING * * *
There is an open translucent door here. 😱 HP[-1]
You take 1 damage, and now have 2/62 hp.
The gnoll hits you but does no damage. You block the gnoll sergeant's attack.
There is an open translucent door here. 😱 HP[+1]
There is a transporter landing site here.
The gnoll sergeant hits you but does no damage.
You see here a +0 spear {polearm}.
The gnoll sergeant hits you from afar with a +1 spear of pain!
You die...

Skill      XL: |  1  2  3  4  5  6  7 |
---------------+----------------------+-----
Fighting       | 4 5 |  5.9
Shields        | 4 5 6 |  6.0
Armour         | 4 5 |  5.9
Maces & Flails | 3 4 |  4.6
Axes           | 1 2 |  2.0
Crossbows      | 1 |  1.9

Action                   |  1- 3 |  4- 6 |  7- 9 || total
-------------------------+-------+-------+-------++-------
Melee: Flail             |   112 |    57 |       ||   169
       Headbutt          |    17 |    10 |     5 ||    32
       Hand axe          |       |    51 |    24 ||    75
Throw: Dart              |       |     2 |       ||     2
  Use: Scroll            |       |     1 |       ||     1
 Stab: Paralysed         |       |     1 |       ||     1
Armor: Scale mail        |    69 |    35 |    14 ||   118
Dodge: Dodged            |    55 |    39 |    18 ||   112
Block: Buckler           |    25 |    18 |    10 ||    53

Levels and vault maps discovered:
D:1:      tarquinn_simple_flora_water_a, layout_basic,
          hellmonk_ecumenical_altar_blasted
D:2:      minmay_inner_zag, layout_basic, corexii_leaking_fountain,
          kennysheep_minor_cross
D:3:      layout_rooms, nicolae_overflow_ecumenical_swirl,
          nicolae_ru_great_annihilating_truth
D:4:      layout_basic
D:5:      layout_rooms, temple_fountains, gammafunk_ghost_gnarly_gnolls
Temple:   eino_temple_rhombus

Notes
Turn   | Place    | Note
-------+----------+-------------------------------------------
     0 | D:1      | AmazingTV the Minotaur Fighter began the quest for the Orb.
     0 | D:1      | Reached XP level 1. HP: 19/19 MP: 0/0
     0 | D:1      | magus.rc [v1.9.6]
   326 | D:1      | Reached XP level 2. HP: 27/27 MP: 1/1
   668 | D:1      | Found a faded altar of an unknown god.
   723 | D:1      | Reached skill level 4 in Fighting
   723 | D:1      | Reached skill level 4 in Shields
   742 | D:1      | Reached skill level 4 in Armour
  1129 | D:2      | Reached skill level 3 in Maces & Flails
  1129 | D:2      | Reached XP level 3. HP: 28/33 MP: 2/2
  1747 | D:2      | Reached XP level 4. HP: 41/41 MP: 3/3
  1941 | D:3      | Identified the +3 pair of boots of Temperance {rN+ Str+2}
  2028 | D:3      | Found a faded altar of an unknown god.
  2032 | D:3      | Found a broken altar of Ashenzari.
  2200 | D:3      | Found a sacrificial altar of Ru.
  2215 | D:3      | Reached XP level 5. HP: 41/47 MP: 4/4
  2268 | D:3      | You fall into a shaft and drop 2 floors!
  2268 | D:5      | Entered Level 5 of the Dungeon
  2297 | D:5      | HP: 8/47 [iguana (11)]
  2302 | D:5      | Reached skill level 4 in Maces & Flails
  2607 | D:5      | HP: 11/47 [poisoned by a scorpion]
  2608 | D:5      | Reached skill level 5 in Fighting
  2608 | D:5      | Reached skill level 5 in Armour
  2608 | D:5      | Reached skill level 5 in Shields
  2612 | D:5      | HP: 6/48 [poisoned by a scorpion]
  2619 | D:5      | HP: 6/48 [orc (1)]
  2626 | D:4      | HP: 5/48 [orc (2)]
  2634 | D:4      | Reached XP level 6. HP: 8/56 MP: 5/5
  3948 | D:5      | Reached skill level 1 in Axes
  3948 | D:5      | Reached skill level 1 in Crossbows
  4045 | D:5      | Found a transporter.
  4053 | D:5      | Found a transporter.
  4063 | D:5      | Reached XP level 7. HP: 59/61 MP: 6/6
  4312 | D:5      | Found a staircase to the Ecumenical Temple.
  4332 | D:5      | You pick up a book of Geomancy and begin reading...
  4332 | D:5      | You add the spells Sandblast, Passwall and Stone Arrow to
                  | your library.
  4336 | Temple   | Entered the Ecumenical Temple
  4524 | Temple   | Became a worshipper of Warmaster Okawaru
  4585 | D:5      | Reached skill level 2 in Axes
  4585 | D:5      | Reached skill level 6 in Shields
  4685 | D:5      | Noticed Skilfsilihog's ghost (novice MiFi)
  4819 | D:5      | Paralysed by a gnoll for 2 turns
  4834 | D:5      | HP: 3/62 [Skilfsilihog's ghost (16)]
  4845 | D:5      | Mangled by a gnoll sergeant

Vanquished Creatures
  2 ogres
  2 scorpions (D:5)
  A centaur skeleton (D:5)
  2 hounds
  An orc priest (D:4)
  A bullfrog skeleton (D:3)
  3 iguanas
  An orc wizard (D:3)
  A scorpion zombie (D:5)
  A hound skeleton (D:4)
  A gnoll (D:5)
  3 adders (D:2)
  A worm (D:2)
  A dart slug (D:4)
  16 orcs
  4 endoplasms
  3 giant cockroaches
  10 goblins
  5 hobgoblins
  4 jackals (D:2)
  3 quokkas
  7 ball pythons
  4 bats
  6 frilled lizards
  6 kobolds
  5 rats
94 creatures vanquished.

Vanquished Creatures (others)
  6 plants (D:5)
6 creatures vanquished.

Grand Total: 100 creatures vanquished

Table legend:
 A = Non-vault XP
 B = Vault XP
 C = Vault XP percentage of total XP
 D = Non-vault monster count
 E = Vault monster count
 F = Vault count percentage of total count
                 A         B        C        D         E       F
            +---------+---------+-------+---------+---------+-------
      Total |     929 |      87 |   8.6 |      82 |      12 |  12.8
            +---------+---------+-------+---------+---------+-------
        D:1 |      31 |       0 |   0.0 |      20 |       0 |   0.0
        D:2 |      41 |      32 |  43.8 |      16 |       7 |  30.4
        D:3 |      55 |      41 |  42.7 |      11 |       4 |  26.7
        D:4 |     295 |       0 |   0.0 |      18 |       0 |   0.0
        D:5 |     507 |      14 |   2.7 |      17 |       1 |   5.6
            +---------+---------+-------+---------+---------+-------

Illustrated notes

Table legend:
 A = Kills in this place as a percentage of kills in entire the game.
 B = Kills by you in this place as a percentage of kills by you in the entire game.
 C = Kills by friends in this place as a percentage of kills by friends in the entire game.
 D = Other kills in this place as a percentage of other kills in the entire game.
 E = Experience gained in this place as a percentage of experience gained in the entire game.
 F = Experience gained in this place divided by the number of levels of this place that you have seen.
                   A       B       C       D       E      F
               +-------+-------+-------+-------+-------+----------------------
         Total | 100.0 | 100.0 |   N/A |   N/A | 100.0 | 169.3
       Dungeon | 100.0 | 100.0 |   N/A |   N/A | 100.0 | 203.2
               +-------+-------+-------+-------+-------+----------------------

Table legend: (Time is in decaauts)
 A = Elapsed time spent in this place.
 B = Non-inter-level travel time spent in this place.
 C = Inter-level travel time spent in this place.
 D = Time resting spent in this place.
 E = Time spent auto-exploring this place.
 F = Levels seen in this place.
 G = Mean time per level.
                   A        B        C        D        E       F      G
               +--------+--------+--------+--------+--------+-----+--------+
         Total |   4911 |   4693 |    218 |   1136 |   2853 |   6 |  818.5 |
       Dungeon |   4716 |   4531 |    185 |   1136 |   2707 |   5 |  943.2 |
        Temple |    195 |    162 |     33 |      0 |    146 |   1 |  195.0 |
               +--------+--------+--------+--------+--------+-----+--------+

Top non-repeatable levels by time:
     D:4: 1324 daAuts
     D:5: 1078 daAuts
     D:1: 1068 daAuts
     D:2: 831 daAuts
     D:3: 414 daAuts
  Temple: 195 daAuts
